AoeStats
← JocZilla

Arena

505129644Analyzed
4v4 RM · 24d ago on Sep 8, 2026· 43m 12s· 8 players
Game mode
Random Map
Map size
Large (8 player)
Population
200
Speed
Normal
Resources
Standard
Victory
Conquest
Starting age
Dark Age
Ending age
Imperial Age
RankedLock teamsTeams togetherTeam positionsShared explorationLock speedFull tech treeHidden civsTurbo modeCheats
Victory
Defeat
🇨🇱 Huns · Chile
954
+14
🇧🇷 Portuguese · Brazil
934
+15
🇦🇷 Teutons · Argentina
863
+18
🇨🇦 Mongols · Canada
810
+20
🇺🇸 Goths · United States
959
-19
🇺🇸 Romans · United States
921
-17
🇫🇷 Chinese · France
894
-16
🇳🇮 Tatars · Nicaragua
872
-15
Point and Click
1:08 Loom
12:19 Feudal Age
13:10 Town Watch
16:51 Double-Bit Axe
20:27 Castle Age
21:50 Town Patrol
22:36 Stone Mining
23:28 Pikeman
28:22 Squires
34:03 Imperial Age
34:28 Halberdier
36:17 Heavy Rocket Cart
Neubs
9:30 Loom
11:15 Feudal Age
16:02 Castle Age
14:35 Horse Collar
14:42 Double-Bit Axe
17:04 Man-at-Arms
17:51 Long Swordsman
19:24 Fletching
22:22 Bodkin Arrow
26:06 Pikeman
26:47 Squires
26:50 Scale Mail Armor
28:39 Forging
30:29 Pikeman
31:12 Squires
35:37 Wheelbarrow
39:11 Fortified Wall
39:26 Ballistics
39:29 Chain Mail Armor
40:37 Heavy Plow
Nic94-Necrophos-Papo
10:19 Feudal Age
12:32 Double-Bit Axe
12:50 Loom
15:09 Castle Age
12:59 Horse Collar
17:58 Loom
18:48 Wheelbarrow
18:00 Town Watch
23:57 Hand Cart
26:19 Heavy Plow
26:50 Scale Barding Armor
28:34 Silk Armor
34:09 Bow Saw
36:54 Imperial Age
37:07 Forging
37:17 Chain Barding Armor
37:26 Ballistics
36:49 Treadmill Crane
37:20 Fletching
38:22 Heavy Cavalry Archer
40:22 Conscription
43:03 Chemistry
42:02 Bodkin Arrow
42:07 Padded Archer Armor
JocZilla
0:32 Loom
13:24 Feudal Age
17:33 Castle Age
16:19 Fletching
18:18 Forging
18:09 Scale Mail Armor
22:20 Iron Casting
38:54 Double-Bit Axe
39:09 Horse Collar
41:27 Chain Mail Armor
40:58 Pikeman
41:42 Squires
42:33 Bow Saw
42:25 Heavy Plow
Kroggan
9:58 Feudal Age
14:34 Castle Age
12:20 Loom
13:29 Double-Bit Axe
18:12 Fletching
18:44 Bodkin Arrow
22:29 Scale Barding Armor
23:31 Horse Collar
30:31 Chain Barding Armor
31:34 Bow Saw
31:36 Forging
33:58 Iron Casting
35:22 Wheelbarrow
34:54 Heavy Plow
36:46 Bloodlines
36:39 Husbandry
41:06 Marauders
44:48 Imperial Age
43:26 Gold Mining
43:54 Hand Cart
ADORNI
10:40 Loom
12:49 Feudal Age
18:33 Castle Age
16:58 Bloodlines
18:13 Stone Mining
18:12 Double-Bit Axe
18:09 Horse Collar
18:43 Scale Barding Armor
18:53 Forging
20:10 Heavy Plow
25:58 Scale Mail Armor
26:34 Iron Casting
26:46 Gold Mining
28:21 Wheelbarrow
30:31 Hand Cart
30:51 Squires
30:37 Gambesons
30:45 Arson
32:20 Chain Mail Armor
33:56 Ironclad
34:01 Chain Barding Armor
37:37 Imperial Age
35:55 Fletching
38:19 Onager
40:05 Chemistry
39:34 Conscription
39:06 Cavalier
Mclovin
1:10 Loom
12:10 Feudal Age
16:24 Castle Age
14:34 Stone Mining
15:29 Double-Bit Axe
15:46 Horse Collar
21:12 Gold Mining
MarbleFire01180
0:47 Loom
11:34 Feudal Age
12:52 Wheelbarrow
12:22 Double-Bit Axe
12:29 Horse Collar
13:12 Gold Mining
13:12 Stone Mining
23:19 Castle Age
22:37 Stone Mining
24:30 Hand Cart
24:28 Bow Saw
24:20 Heavy Plow
25:19 Gold Shaft Mining
25:25 Stone Shaft Mining
25:13 Town Watch
32:34 Imperial Age
30:09 Town Patrol
31:16 Squires
30:36 Pikeman
31:03 Arson
31:34 Fortified Wall
31:47 Ballistics
34:30 Chemistry
33:42 Masonry
32:55 Capped Ram
35:13 Conscription
35:16 Drill
36:05 Forging
35:55 Scale Mail Armor
39:09 Husbandry
39:20 Bloodlines
39:03 Fletching
39:48 Iron Casting
39:14 Padded Archer Armor
39:08 Siege Ram
39:57 Siege Engineers
40:46 Elite Mangudai
43:40 Hoardings
Connection lost

Rejoining the realm…

Still unreachable

The connection could not be restored.

Session expired

The server has moved on; the page needs a fresh start.